 Dungeon Crawl Stone Soup version 0.31-a0-859-g9dce7d3444 (webtiles) character file.

Game seed: 8509655938631811674

685 Shayle the Insei (level 7, -4/55 HPs)
             Began as a Human Shapeshifter on Oct 9, 2023.
             Splashed by a jelly's acid (7 damage)
             ... on level 6 of the Dungeon on Oct 10, 2023.
             The game lasted 00:10:32 (3714 turns).

Shayle the Insei (Human Shapeshifter)               Turns: 3714, Time: 00:10:36

Health: -4/55      AC: -9    Str: 14    XL:     7   Next: 93%
Magic:  7/7        EV: 12    Int: 10    God:
Gold:   184        SH:  0    Dex: 15    Spells: 6/6 levels left

rFire   + .          .
                       - Unarmed
rCold   + . .        (no shield)
rNeg    . . .        b - +1 robe {rC+ rF+}
rPois   .            (helmet currently unavailable)
rElec   .            (cloak currently unavailable)
rCorr   .            (gloves currently unavailable)
SInv    .            (boots currently unavailable)
Will    .....        (no amulet)
Stlth   +            e - ring of wizardry
HPRegen 0.29/turn    i - +4 ring of protection
MPRegen 0.10/turn

%: wizardry (x1)
@: beast-form, corroded
A: beast (slay +2)
a: Begin Untransformation


You were on level 6 of the Dungeon.
You were a hulking beast.
You visited 2 branches of the dungeon, and saw 7 of its levels.

You collected 184 gold pieces.

Inventory:

Hand Weapons
 v - a +1 war axe of flaming
Armour
 a - a +0 animal skin
 b - a +1 robe of resistance (worn)
Jewellery
 e - a ring of wizardry (left hand)
 i - a +4 ring of protection (right hand)
 o - a ring of protection from cold
 r - a +6 ring of strength
 w - a +4 ring of protection
Talismans
 c - a beast talisman (active)
 d - a flux talisman
Wands
 n - a wand of charming (7)
 s - a wand of flame (30)
 u - a wand of polymorph (5)
Scrolls
 f - 2 scrolls of identify
 m - a scroll of fear
 q - a scroll of revelation
 x - a scroll of amnesia {unknown}
Potions
 g - 2 potions of curing {unknown}
 h - a potion of cancellation {unknown}
 j - a potion of might {unknown}
 k - a potion of attraction {unknown}
 l - a potion of mutation {unknown}
 p - a potion of enlightenment {unknown}
 t - a potion of invisibility {unknown}
 z - a potion of haste {unknown}


   Skills:
 + Level 4.6 Fighting
 - Level 2.0 Dodging
 + Level 5.5 Unarmed Combat
 + Level 5.2 Shapeshifting


You had 6 spell levels left.
You didn't know any spells.
Your spell library contained the following spells:

 Spells                   Type           Power      Damage    Failure   Level
 Ensorcelled Hibernation  Hex/Ice        0%         N/A       22%         2
 Passwall                 Tmut/Erth      0%         N/A       22%         2
 Poisonous Vapours        Pois/Air       0%         N/A       22%         2
 Mephitic Cloud           Conj/Pois/Air  0%         N/A       41%         3
 Swiftness                Air            0%         N/A       41%         3
 Freezing Cloud           Conj/Ice/Air   0%         6-21      98%         5


Dungeon Overview and Level Annotations

Branches:
Dungeon (6/15)             Temple (1/1) D:5

Altars:
Ashenzari
Cheibriados
Dithmenos
Fedhas
Gozag
Hepliaklqana
Kikubaaqudgha
Makhleb
Nemelex Xobeh
Sif Muna
Trog
Uskayaw
Wu Jian
Yredelemnul
Zin

Annotations:
D:2 1 runed translucent door, Crazy Yiuf


Message History

You barely miss the ogre.
The ogre is moderately wounded.
The ogre barely misses you.
You hit the ogre.
The ogre is heavily wounded.
You hit the ogre.
The ogre is severely wounded.
The ogre barely misses you.
You hit the ogre.
The ogre is severely wounded.
You punch the ogre!
You kill the ogre!
Things that are here:
a +0 giant club; an ogre corpse You hit the jelly.
The acid corrodes you!
Your hands burn!
The jelly is lightly wounded.
The jelly hits you but does no damage.
You hit the jelly. The acid corrodes you!
Your hands burn!
The jelly is moderately wounded.
The jelly hits you.
You are splashed with acid!
You hit the jelly.
Your hands burn!
The jelly is heavily wounded.
The jelly hits you.
You are splashed with acid!
You hit the jelly.
Your hands burn!
The jelly is severely wounded.
You hit the jelly but do no damage.
Your hands burn!
The jelly is severely wounded.
The jelly hits you. The acid corrodes you!
You are splashed with acid!
* * * LOW HITPOINT WARNING * * *
You hit the jelly.
Your hands burn!
* * * LOW HITPOINT WARNING * * *
The jelly is almost dead.
The jelly barely misses you.
You hit the jelly. The acid corrodes you!
Your hands burn!
* * * LOW HITPOINT WARNING * * *
The jelly is almost dead.
The jelly hits you.
* * * LOW HITPOINT WARNING * * *
The acid corrodes you!
You are splashed with acid!
You die...

## .#################
.##............>.#
....############)####
.#### ...........# .#
#######h##...... .#
#J# ####. .# ##.##.#
.. #...#.# # ##
#......# .# ..)......
... ....J...## ....
..#......###....#
#.....#.........#


You could see a jelly.

Vanquished Creatures
  Sigmund (D:2)
  A steam dragon (D:6)
  An ogre (D:6)
  A phantom (D:6)
  2 hounds
  2 orc priests
  An iguana (D:6)
  2 adders
  A worm (D:3)
  A dart slug (D:1)
  15 orcs
  3 endoplasms
  4 giant cockroaches
  6 hobgoblins
  2 jackals (D:2)
  4 quokkas
  8 ball pythons
  6 bats
  A frilled lizard (D:2)
  5 goblins
  2 kobolds
  4 rats
73 creatures vanquished.

Vanquished Creatures (collateral kills)
  An orc (D:5)
1 creature vanquished.

Grand Total: 74 creatures vanquished

Notes
Turn   | Place    | Note
-------+----------+-------------------------------------------
     0 | D:1      | Shayle the Human Shapeshifter began the quest for the Orb.
     0 | D:1      | Reached XP level 1. HP: 15/15 MP: 1/1
   290 | D:1      | Reached XP level 2. HP: 14/21 MP: 2/2
   867 | D:2      | Noticed Sigmund
   898 | D:2      | Killed Sigmund
   899 | D:2      | Reached XP level 3. HP: 16/29 MP: 3/3
   899 | D:2      | Reached XP level 4. HP: 19/35 MP: 4/4
   899 | D:2      | Reached XP level 5. HP: 22/41 MP: 5/5
  1060 | D:2      | Reached XP level 6. HP: 45/47 MP: 6/6
  1097 | D:2      | Found a faded altar of an unknown god.
  1507 | D:2      | Found a runed translucent door.
  1508 | D:2      | Noticed Crazy Yiuf
  1719 | D:3      | Found a glowing silver altar of Zin.
  2660 | D:5      | Entered Level 5 of the Dungeon
  2745 | D:5      | Found a bloodstained altar of Trog.
  2752 | D:5      | Found a hide-covered altar of Uskayaw.
  2791 | D:5      | Found a shadowy altar of Dithmenos.
  2897 | D:5      | Noticed a shadow
  3080 | D:6      | Noticed a water moccasin
  3113 | D:5      | Found a staircase to the Ecumenical Temple.
  3133 | Temple   | Entered the Ecumenical Temple
  3185 | D:5      | Reached XP level 7. HP: 49/53 MP: 7/7
  3221 | D:5      | Found a blossoming altar of Fedhas.
  3331 | D:6      | Noticed a steam dragon
  3344 | D:6      | Killed a steam dragon
  3345 | D:6      | Reached skill level 5 in Unarmed Combat
  3532 | D:6      | Reached skill level 5 in Shapeshifting
  3714 | D:6      | Splashed by a jelly's acid

Illustrated notes

Levels and vault maps discovered:
D:1:      scummos_arrival_forest, layout_basic
D:2:      layout_rooms, nicolae_ecumenical_snake_handling, serial_curves,
          eino_curves_03, eino_curves_03, eino_curves_04,
          kennysheep_another_room, uniq_sigmund, uniq_crazy_yiuf_cottage
D:3:      layout_basic, lemuel_coloured_pillars_altar, serial_curves,
          eino_curves_03, eino_curves_03, eino_curves_03
D:4:      layout_rooms, elyvilon_altar_1, lemuel_doored_altar, uniq_pikel
D:5:      layout_cave_pools, grunt_dithmenos_smoke,
          mainiacjoe_overflow_brackets, grunt_temple_overflow_open,
          minmay_temple_entry_gardened_gates
D:6:      layout_loops_ring, mainiacjoe_overflow_alcove_1
Temple:   hellmonk_temple_flake

Skill      XL: |  1  2  3  4  5  6  7 |
---------------+----------------------+-----
Fighting       | 3 4 |  4.6
Unarmed Combat | 4 5 |  5.5
Shapeshifting  | 4 5 |  5.2
Dodging        | |  2.0

Action                     |  1- 3 |  4- 6 |  7- 9 || total
---------------------------+-------+-------+-------++-------
  Melee: Unarmed           |    51 |   147 |    56 ||   254
         Punch             |     1 |     3 |     6 ||    10
  Evoke: Wand              |       |       |     1 ||     1
    Use: Potion            |     1 |       |       ||     1
         Scroll            |       |     4 |     2 ||     6
   Stab: Sleeping          |       |     3 |       ||     3
 Armour: Animal skin       |    18 |       |       ||    18
         Skin              |    10 |     6 |       ||    16
         Robe              |       |    78 |    37 ||   115
  Dodge: Dodged            |    28 |    87 |    29 ||   144

Table legend: (Time is in decaauts)
 A = Elapsed time spent in this place.
 B = Non-inter-level travel time spent in this place.
 C = Inter-level travel time spent in this place.
 D = Time resting spent in this place.
 E = Time spent auto-exploring this place.
 F = Levels seen in this place.
 G = Mean time per level.
                   A        B        C        D        E       F      G
               +--------+--------+--------+--------+--------+-----+--------+
         Total |   3692 |   3585 |    107 |    209 |   2201 |   7 |  527.4 |
       Dungeon |   3690 |   3583 |    107 |    209 |   2201 |   6 |  615.0 |
        Temple |      1 |      1 |      0 |      0 |      0 |   1 |    1.0 |
               +--------+--------+--------+--------+--------+-----+--------+

Top non-repeatable levels by time:
     D:3: 949 daAuts
     D:2: 860 daAuts
     D:1: 694 daAuts
     D:5: 579 daAuts
     D:6: 453 daAuts
     D:4: 154 daAuts
  Temple: 1 daAuts
